 Dungeon Crawl Stone Soup version 0.29-a0-676-ga64570c9d2 (webtiles) character file.

Game seed: 8975257140888902997

4 zeratav the Stinger (level 1, 0/13 HPs)
             Began as a Formicid Venom Mage on June 23, 2022.
             Slain by a quokka (2 damage)
             ... on level 1 of the Dungeon on June 24, 2022.
             The game lasted 00:01:08 (157 turns).

zeratav the Stinger (Formicid Venom Mage)            Turns: 157, Time: 00:01:09

Health: 0/13       AC:  2    Str: 12    XL:     1   Next: 77%
Magic:  0/3        EV: 12    Int: 14    God:
Gold:   0          SH:  0    Dex: 14    Spells: 3/4 levels left

rFire   . . .      SeeInvis +   (no weapon)
rCold   . . .      Faith    .   (no shield)
rNeg    . . .      Spirit   .   a - +0 robe
rPois   .          Reflect  .   (helmet unavailable)
rElec   .          Harm     .   (no cloak)
rCorr   .          Rampage  .   (no gloves)
Will    .....                   (no boots)
Stlth   ++........              (no amulet)
HPRegen 0.04/turn               (no ring)
MPRegen 0.08/turn               (no ring)

@: no status effects
A: permanent stasis, dig shafts and tunnels, antennae 3, four strong arms
a: Dig, Shaft Self


You were on level 1 of the Dungeon.
You visited 1 branch of the dungeon, and saw 1 of its levels.


Innate Abilities, Weirdness & Mutations

You cannot be hasted, slowed, berserked, paralysed or teleported.
You can dig through walls and to a lower floor.
You have a pair of large antennae on your head. (SInv)
Your four strong arms can wield two-handed weapons with a shield.


   Skills:
 - Level 1.7 Dodging
 - Level 2.4 Stealth
 - Level 2.1 Spellcasting
 - Level 1.1 Transmutations
 + Level 4.5 Poison Magic


You had 3 spell levels left.
You knew the following spells:

 Your Spells              Type           Power      Damage    Failure   Level
a - Sting                 Tmut/Pois      36%        1d4       8%          1

Your spell library contained the following spells:

 Spells                   Type           Power      Damage    Failure   Level
 Poisonous Vapours        Pois/Air       14%        N/A       14%         2
 Mephitic Cloud           Conj/Pois/Air  5%         N/A       36%         3
 Olgreb's Toxic Radiance  Pois           14%        N/A       36%         4

Inventory:

Armour
 a - a +0 robe (worn)
Scrolls
 c - a scroll of enchant armour {unknown}
Potions
 b - a potion of magic
 d - a potion of lignification {unknown}

Dungeon Overview and Level Annotations

Branches:
Dungeon (1/15) Zot: 5842

Altars:

#.†.....# #.......#.
#######........#
#......†########.
#................
#.......######### ###
#........###########...
≈.#####r...............
≈ #@≈§≈§≈≈≈.≈≈≈≈≈.≈.
#.§§§...≈§≈...≈.≈.
#.§≈§.§≈≈§≈≈≈.≈≈§§
#.§§§>≈..§..≈>..§.
#.≈≈≈.≈§§.≈≈≈.≈≈≈.
#.≈.§§§§§.≈§..≈.≈.
#.≈§≈§≈§§§≈§§≈≈[≈.
#.≈.§§.§.>..§§..≈.
#.≈≈≈.≈≈≈≈≈≈≈§≈§≈.


You could see a quokka.


Message History

You see here a golden potion.
The sting hits the frilled lizard.
The frilled lizard is poisoned.
MP[-1]
You lost 1 mp, and now have 2/3 mp.
The sting hits the frilled lizard.
The frilled lizard looks even sicker.
You kill the frilled lizard!
MP[-1]
You lost 1 mp, and now have 1/3 mp.
d - a golden potion MP[+2]
Your mp is fully restored (3).
A bat comes into view.
You see here a frilled lizard corpse.
A bat is nearby!
A bat is nearby!
A bat comes into view.
The bat hits you but does no damage. x3
You miscast Sting.
You are very lightly contaminated with residual magic.
Nothing appears to happen.
The bat misses you.
MP[-1]
You lost 1 mp, and now have 2/3 mp.
The sting hits the bat.
The bat is poisoned.
You kill the bat!
MP[-1]
You lost 1 mp, and now have 1/3 mp.
The sting misses the bat.
The bat completely misses you.
MP[-1]
You lost 1 mp, and now have 0/3 mp.
The bat hits you but does no damage.
You see here a bat corpse.
A quokka comes into view.
The bat closely misses you.
You closely miss the bat. The bat completely misses you.
The bat closely misses you. The bat hits you but does no damage.
Your magical contamination has completely faded away.
You barely miss the bat. The bat barely misses you.
You hit the bat.
You kill the bat!
You see here a frilled lizard corpse.
MP[+1]
The quokka attacks as you move away! The quokka completely misses you.
The quokka twitches its whiskers.
Casting: Sting (safe; 8% risk of failure)
Confirm with . or Enter, or press ? or * to list all spells.
Aiming: Sting (safe; 8% risk of failure)
Press: ? - help, Shift-Dir - straight line, f - quokka
Aim: a quokka (56% to hit)
The sting misses the quokka.
The quokka twitches its whiskers.
The quokka barely misses you.
MP[-1]
You lost 1 mp, and now have 0/3 mp.
You barely miss the quokka. The quokka misses you.
You miss the quokka. The quokka bites you. The quokka misses you.
HP[-3]
You take 3 damage, and now have 10/13 hp.
MASSIVE DAMAGE!! (PAUSE)
You hit the quokka. The quokka misses you.
You hit the quokka but do no damage. The quokka closely misses you.
You hit the quokka but do no damage. The quokka barely misses you.
You closely miss the quokka.
The quokka bites you but does no damage.
You closely miss the quokka. The quokka closely misses you.
The quokka misses you.
You closely miss the quokka. The quokka bites you.
* * * LOW HITPOINT WARNING * * *
HP[-4]
You take 4 damage, and now have 6/13 hp.
MASSIVE DAMAGE!! (PAUSE)
You closely miss the quokka. The quokka bites you.
* * * LOW HITPOINT WARNING * * *
HP[-1] MP[+1]
You take 1 damage, and now have 5/13 hp.
Casting: Sting (safe; 8% risk of failure)
Confirm with . or Enter, or press ? or * to list all spells.
Aiming: Sting (safe; 8% risk of failure)
Press: ? - help, Shift-Dir - straight line, f/p - quokka
Aim: a quokka (moderately wounded, 56% to hit)
The sting misses the quokka.
The quokka closely misses you.
MP[-1]
You lost 1 mp, and now have 0/3 mp.
HP[+1]
The quokka closely misses you. The quokka attacks as you move away!
The quokka bites you.
* * * LOW HITPOINT WARNING * * *
HP[-1]
You take 1 damage, and now have 5/13 hp.
You hit the quokka but do no damage. The quokka barely misses you.
You miss the quokka. The quokka barely misses you.
You barely miss the quokka. The quokka closely misses you.
You hit the quokka. The quokka closely misses you. The quokka bites you.
* * * LOW HITPOINT WARNING * * *
HP[-3]
You take 3 damage, and now have 2/13 hp.
MASSIVE DAMAGE!! (PAUSE)
You miss the quokka. The quokka barely misses you.
You hit the quokka but do no damage. The quokka bites you.
You die...

Action                   || total
-------------------------++-------
Melee: Unarmed           ||    18
 Cast: Sting             ||    10
Armor: Robe              ||     6
Dodge: Dodged            ||    22

Levels and vault maps discovered:
D:1:      evilmike_arrival_hilbert_curve, layout_basic, serial_shops,
          nicolae_shop_hallway_stairs

Notes
Turn   | Place    | Note
-------+----------+-------------------------------------------
     0 | D:1      | zeratav the Formicid Venom Mage began the quest for the
                  | Orb.
     0 | D:1      | Reached XP level 1. HP: 13/13 MP: 3/3
     0 | D:1      | magus.rc [v1.9.6]
    12 | D:1      | Upgraded the game from 0.29-a0-668-g12ee2bf84d to
                  | 0.29-a0-676-ga64570c9d2
    12 | D:1      | magus.rc [v1.9.6]
   155 | D:1      | HP: 2/13 [quokka (3)]
   157 | D:1      | Slain by a quokka

Vanquished Creatures
  A ball python (D:1)
  2 bats (D:1)
  A frilled lizard (D:1)
  A kobold (D:1)
5 creatures vanquished.

Table legend:
 A = Non-vault XP
 B = Vault XP
 C = Vault XP percentage of total XP
 D = Non-vault monster count
 E = Vault monster count
 F = Vault count percentage of total count
                 A         B        C        D         E       F
            +---------+---------+-------+---------+---------+-------
      Total |       7 |       0 |   0.0 |       5 |       0 |   0.0
            +---------+---------+-------+---------+---------+-------
        D:1 |       7 |       0 |   0.0 |       5 |       0 |   0.0
            +---------+---------+-------+---------+---------+-------

Illustrated notes

Table legend:
 A = Kills in this place as a percentage of kills in entire the game.
 B = Kills by you in this place as a percentage of kills by you in the entire game.
 C = Kills by friends in this place as a percentage of kills by friends in the entire game.
 D = Other kills in this place as a percentage of other kills in the entire game.
 E = Experience gained in this place as a percentage of experience gained in the entire game.
 F = Experience gained in this place divided by the number of levels of this place that you have seen.
                   A       B       C       D       E      F
               +-------+-------+-------+-------+-------+----------------------
         Total | 100.0 | 100.0 |   N/A |   N/A | 100.0 |   7.0
       Dungeon | 100.0 | 100.0 |   N/A |   N/A | 100.0 |   7.0
               +-------+-------+-------+-------+-------+----------------------

Table legend: (Time is in decaauts)
 A = Elapsed time spent in this place.
 B = Non-inter-level travel time spent in this place.
 C = Inter-level travel time spent in this place.
 D = Time resting spent in this place.
 E = Time spent auto-exploring this place.
 F = Levels seen in this place.
 G = Mean time per level.
                   A        B        C        D        E       F      G
               +--------+--------+--------+--------+--------+-----+--------+
         Total |    157 |    157 |      0 |     34 |     54 |   1 |  157.0 |
       Dungeon |    157 |    157 |      0 |     34 |     54 |   1 |  157.0 |
               +--------+--------+--------+--------+--------+-----+--------+

Top non-repeatable levels by time:
     D:1: 157 daAuts
